 Seeded DCSS version 0.27-a0-1200-g94dc6ad4cf (webtiles) character file.

Game seed: 1482225061180600175 (custom seed)

50 flotson the Covert (level 3, -1/35 HPs)
             Began as a Gnoll Delver on May 31, 2021.
             Slain by a kobold
             ... wielding a +0 dagger
              (3 damage)
             ... in a sewer.
             The game lasted 00:03:16 (785 turns).

flotson the Covert (Gnoll Delver)                    Turns: 785, Time: 00:03:17

Health: -1/35      AC:  6    Str: 12    XL:     3   Next: 79%
Magic:  4/4        EV: 10    Int:  9    God:
Gold:   7          SH:  0    Dex: 13    Spells: 4/4 levels left

rFire    . . .     SeeInvis .   d - +2 whip (drain)
rCold    . . .     Faith    .   (no shield)
rNeg     . . .     Spirit   .   i - +0 scale mail
rPois    .         Reflect  .   (no helmet)
rElec    .         Harm     .   (no cloak)
rCorr    .         Rampage  .   (no gloves)
Will     .....                  (no boots)
Stlth    +++.......             (no amulet)
HPRegen  0.11/turn              (no ring)
MPRegen  0.09/turn              (no ring)

@: lethally poisoned (-1 -> -2)
A: fangs 1, strong nose, distributed training
a: no special abilities


You were in a sewer.
You visited 1 branch of the dungeon, and saw 2 of its levels.
You also visited: Sewer.

You collected 7 gold pieces.

Inventory:

Hand Weapons
 a - a +0 spear
 d - a +2 whip of draining (weapon)
Missiles
 f - 4 stones (quivered)
Armour
 i - a +0 scale mail (worn)
Wands
 g - a wand of digging (2)
Scrolls
 b - a scroll of enchant armour {unknown}
Potions
 h - a potion of berserk rage {unknown}


   Skills:
 + Level 6.5 Fighting
 + Level 1.0 Short Blades
 + Level 1.0 Long Blades
 + Level 1.0 Axes
 + Level 1.0 Maces & Flails
 + Level 4.6 Polearms
 + Level 1.0 Staves
 + Level 1.0 Slings
 + Level 1.0 Bows
 + Level 1.0 Crossbows
 + Level 1.0 Throwing
 + Level 1.0 Armour
 + Level 4.6 Dodging
 + Level 9.5 Stealth
 + Level 1.0 Shields
 + Level 1.0 Unarmed Combat
 + Level 1.0 Spellcasting
 + Level 0.7 Conjurations
 + Level 0.7 Hexes
 + Level 0.7 Summonings
 + Level 0.7 Necromancy
 + Level 0.7 Translocations
 + Level 0.7 Transmutations
 + Level 0.7 Fire Magic
 + Level 0.7 Ice Magic
 + Level 0.7 Air Magic
 + Level 0.7 Earth Magic
 + Level 0.7 Poison Magic
 + Level 1.0 Invocations
 + Level 1.0 Evocations


You had 4 spell levels left.
You didn't know any spells.
Your spell library was empty.

Dungeon Overview and Level Annotations

Branches:
Dungeon (5/15)              Sewer (1/1)
 Temple: D:4-7

Altars:

Annotations:
D:4 Dowan, Duvessa


Innate Abilities, Weirdness & Mutations

You have very sharp teeth.
Your uncanny sense of smell can sniff out nearby items.
Your experience applies equally to all skills.


Message History

You start resting.
A kobold brigand is nearby!
The kobold brigand shoots a bolt.
The bolt hits you.
The kobold shouts!
The kobold brigand shoots a bolt.
The bolt hits you!
The kobold brigand shoots a bolt.
The bolt hits you.
As you read the scroll of fear, it crumbles to dust.
You assume a fearsome visage.
The kobold brigand looks frightened!
There is an empty arch of ancient stone here.
There is a gate leading back out of this place here.
You start resting.
A kobold is nearby!
You start resting.
A kobold is nearby!
What are your orders? t - Bark!
Orders for allies: a - Attack new target. r - Retreat! s - Stop attacking. g - Guard the area. f - Follow me.
Anything else - Cancel.
You bark for attention!
The kobold shouts!
The kobold throws a poisoned dart.
The poisoned dart hits you!
You are poisoned.
You feel very sick.
You feel sick.
You feel sick.
There is a gate leading back out of this place here.
You closely miss the kobold.
You feel sick. The kobold hits you with a +0 dagger.
* * * LOW HITPOINT WARNING * * *
You miss the kobold.
You feel sick. The kobold hits you but does no damage.
You hit the kobold.
The kobold is moderately wounded.
You feel sick. The kobold hits you with a +0 dagger.
* * * LOW HITPOINT WARNING * * *
You barely miss the kobold.
The kobold is moderately wounded.
* * * LOW HITPOINT WARNING * * *
You feel sick. The kobold hits you with a +0 dagger.
You die...

###
#.#
#.#
#.#
#.#
#@#
#K#
#∩#
#.#
#.#
#.#
#.#
#.#
#.#


You could see a kobold.

Vanquished Creatures
  4 river rats
  A ball python (D:4)
  2 giant cockroaches (D:4)
  A goblin (D:4)
  A jackal (Sewer)
  2 quokkas (D:4)
  3 kobolds
  2 rats (Sewer)
16 creatures vanquished.

Notes
Turn   | Place    | Note
-------+----------+-------------------------------------------
     0 | D:5      | Reached skill level 9 in Stealth
     0 | D:5      | flotson the Gnoll Delver began the quest for the Orb.
     0 | D:5      | Reached XP level 1. HP: 23/23 MP: 1/1
    21 | D:5      | Noticed an ogre
   197 | D:4      | Noticed Duvessa
   197 | D:4      | Noticed Dowan
   241 | D:4      | Found a glowing drain.
   249 | D:4      | Reached XP level 2. HP: 29/29 MP: 2/2
   276 | Sewer    | Entered a sewer
   283 | Sewer    | Reached XP level 3. HP: 32/35 MP: 3/3
   319 | Sewer    | Reached skill level 1 in Invocations
   703 | Sewer    | Reached skill level 1 in Short Blades
   703 | Sewer    | Reached skill level 1 in Long Blades
   703 | Sewer    | Reached skill level 1 in Axes
   703 | Sewer    | Reached skill level 1 in Maces & Flails
   703 | Sewer    | Reached skill level 1 in Staves
   703 | Sewer    | Reached skill level 1 in Slings
   703 | Sewer    | Reached skill level 1 in Bows
   703 | Sewer    | Reached skill level 1 in Crossbows
   703 | Sewer    | Reached skill level 1 in Throwing
   703 | Sewer    | Reached skill level 1 in Armour
   703 | Sewer    | Reached skill level 1 in Shields
   703 | Sewer    | Reached skill level 1 in Unarmed Combat
   703 | Sewer    | Reached skill level 1 in Spellcasting
   703 | Sewer    | Reached skill level 1 in Evocations
   709 | Sewer    | Noticed a kobold brigand
   785 | Sewer    | Slain by a kobold

Illustrated notes

Levels and vault maps discovered:
D:4:      layout_loops_ring, serial_shops, shop, gup_sewer_entry_bubbles,
          palyth_stone_intersect, uniq_duvessa
D:5:      layout_loops_ring, lemuel_zombie_altar_yredelemnul, uniq_sigmund
Sewer:    sewer_kobolds

Skill      XL: |  1  2  3 |
---------------+----------+-----
Stealth        | |  9.5
Invocations    | 1 |  1.0
Short Blades   | 1 |  1.0
Long Blades    | 1 |  1.0
Axes           | 1 |  1.0
Maces & Flails | 1 |  1.0
Staves         | 1 |  1.0
Slings         | 1 |  1.0
Bows           | 1 |  1.0
Crossbows      | 1 |  1.0
Throwing       | 1 |  1.0
Armour         | 1 |  1.0
Shields        | 1 |  1.0
Unarmed Combat | 1 |  1.0
Spellcasting   | 1 |  1.0
Evocations     | 1 |  1.0
Fighting       | |  6.5
Polearms       | |  4.6
Dodging        | |  4.6
Conjurations   | |  0.7
Hexes          | |  0.7
Summonings     | |  0.7
Necromancy     | |  0.7
Translocations | |  0.7
Transmutations | |  0.7
Fire Magic     | |  0.7
Ice Magic      | |  0.7
Air Magic      | |  0.7
Earth Magic    | |  0.7
Poison Magic   | |  0.7

Action                   || total
-------------------------++-------
Melee: Spear             ||    90
       Whip              ||    10
       Bite              ||     5
Throw: Stone             ||     1
Evoke: Wand              ||     1
  Use: Scroll            ||     3
       Potion            ||     1
 Stab: Sleeping          ||     4
Armor: Scale mail        ||     8
Dodge: Dodged            ||    36

Table legend: (Time is in decaauts)
 A = Elapsed time spent in this place.
 B = Non-inter-level travel time spent in this place.
 C = Inter-level travel time spent in this place.
 D = Time resting spent in this place.
 E = Time spent auto-exploring this place.
 F = Levels seen in this place.
 G = Mean time per level.
                   A        B        C        D        E       F      G
               +--------+--------+--------+--------+--------+-----+--------+
         Total |    815 |    815 |      0 |    299 |    153 |   3 |  271.7 |
       Dungeon |    268 |    268 |      0 |     10 |     90 |   2 |  134.0 |
         Sewer |    546 |    546 |      0 |    289 |     63 |   1 |  546.0 |
               +--------+--------+--------+--------+--------+-----+--------+

Top non-repeatable levels by time:
   Sewer: 546 daAuts
     D:4: 213 daAuts
     D:5: 55 daAuts
